Unix NetHack Version 5.0.0-0 post-release - last build Jun 10 2026 00:39:30 (3ee93aec679c4c4259841fe613dc97188e26a321,branch:main).

Game began 2026-06-15 22:42:13, ended 2026-06-17 21:44:20.

Felix1, neutral male human Healer

                                                           --------
                                                          #........#
                                                          #|......|#
                                                          #|......|#
                                                          #--------#
                                           `#####         #        ##
                                       ---------#         #         #
                                       ........|#         #         ##
                                       ........|#         #          #
                                      ..:......|#         #          ##
                                     |o........|#######   #           #-------
                                    #@d........|### --.---#           #|.[[[[|
                                  ###-----------  # |<...|#           #|.)[)[|
                                    ###           ##-....|#           #|.%)[]|
                                      ###           |.....#           #-.[[[[|
                                        `###########.....|             |.[[[[|
                                                    ------             -------

Felix1 the Empiric           St:11 Dx:8 Co:16 In:9 Wi:16 Ch:17  Neutral
Dlvl:4  $:1938 HP:0(27) Pw:24(24) AC:3  Xp:3 T:1763 

Latest messages:
 You hear a monster behind the boulder.
 Perhaps that's why you cannot move it.
 You hear a monster behind the boulder.
 Perhaps that's why you cannot move it.
 With great effort you move the boulder.
 You hear a monster behind the boulder.
 Perhaps that's why you cannot move it.
 You hear a monster behind the boulder.
 Perhaps that's why you cannot move it.
 With great effort you move the boulder.
 You try to move the boulder, but in vain.
 You hit the fox.
 The fox misses!
 You kill the fox!
 This door is locked.
 This door is locked.
 This door is locked.
 This door is locked.
 In what direction? 6
 Whammm!!
 In what direction? 6
 Thwack!!
 In what direction? 6
 Whammm!!
 In what direction? 6
 Whammm!!
 What do you want to drop? [$a-qsu-y or ?*] 6
 Count: 0 <esc>
 Never mind.
 In what direction? <esc>
 In what direction? 6
 Whammm!!
 In what direction? 6
 Whammm!!
 In what direction? 6
 As you kick the door, it crashes open!
 The hobgoblin hits!
 You miss the little dog.
 The hobgoblin hits!
 The little dog bites!
 You miss the little dog.
 The hobgoblin hits!
 The little dog misses!
 The little dog bites!
 You miss the little dog.
 The hobgoblin hits!
 The little dog bites!
 The little dog bites!
 You die...
 Do you want your possessions identified? [ynq] (y) q

Inventory:
 Coins    ('$')
  $ - 1938 gold pieces
 Weapons  (')')
  u - 7 +0 arrows
  m - 7 cursed -1 arrows
  y - 9 +0 darts
  n - a cursed -1 dagger
  a - a blessed +0 scalpel (weapon in right hand)
  w - a +0 spear (at the ready)
 Armor    ('[')
  b - an uncursed +1 pair of leather gloves (being worn)
  v - an uncursed +0 elven mithril-coat (being worn)
 Comestibles  ('%')
  k - 5 uncursed apples
  l - an uncursed candy bar labeled "Wonka Bar"
  q - 2 uncursed cram rations
 Scrolls  ('?')
  s - an uncursed scroll of enchant armor
 Spellbooks  ('+')
  x - an uncursed spellbook of detect food
  i - a blessed spellbook of extra healing
  h - a blessed spellbook of healing
  j - a blessed spellbook of stone to flesh
 Potions  ('!')
  e - 2 blessed potions of extra healing
  f - 2 uncursed potions of extra healing
  d - 4 uncursed potions of healing
 Rings    ('=')
  o - a cursed -5 ring of gain constitution
 Wands    ('/')
  p - a wand of secret door detection (0:12)
  g - a wand of sleep (0:7)
 Tools    ('(')
  c - an uncursed stethoscope

Felix1 the Healer's attributes:

Background:
 You were an Empiric, a level 3 male human Healer.
 You were neutral, nominally on a mission for Hermes
 who was opposed by Athena (lawful) and Poseidon (chaotic).
 You were right-handed.
 You were in the Dungeons of Doom, on level 4.
 You entered the dungeon 1763 turns ago.
 There was a new moon in effect when your adventure ended.
 You had 58 experience points, 22 more were needed to attain level 4.

Basics:
 You had 0 out of 27 hit points.
 You had all 24 energy points (spell power).
 Your armor class was 3.
 Your wallet contained 1938 zorkmids.
 Autopickup was off.

Final Characteristics:
 Your strength was 11 (limit:18/100).
 Your dexterity was 8 (limit:18).
 Your constitution was 16 (limit:18).
 Your intelligence was 9 (limit:18).
 Your wisdom was 16 (limit:18).
 Your charisma was 17 (limit:18).

Final Status:
 You weren't hungry.
 You were unencumbered.
 You were wielding a knife.
 You had basic skill with knife.

Final Attributes:
 You were devoutly aligned.
 You were poison resistant.
 You were guarded.
 Your spell casting was impaired by metallic armor.
 You are dead.

Miscellaneous:
 You didn't encounter any bones levels.
 Total elapsed playing time was 14 minutes and 26 seconds.

Major events:
 Turn
    1: Felix1 the neutral male human Healer entered the dungeon
  782: attained the rank of Empiric (level 3)
  967: entered the Gnomish Mines
 1763: killed by a little dog

Spells:
 Name                 Level Category     Fail Retention
 healing                1   healing       38%  91%-100%
 extra healing          3   healing       52%  91%-100%
 stone to flesh         3   healing       72%  91%-100%
 detect food            2   divination   100%  76%-100%

Skills:
 Fighting Skills
   bare handed combat [Unskilled]
 Weapon Skills
   dagger             [Unskilled]
   knife              [Basic]
   short sword        [Unskilled]
   saber              [Unskilled]
   club               [Unskilled]
   mace               [Unskilled]
   quarterstaff       [Unskilled]
   polearms           [Unskilled]
   spear              [Unskilled]
   trident            [Unskilled]
   sling              [Unskilled]
   dart               [Unskilled]
   shuriken           [Unskilled]
   unicorn horn       [Unskilled]
 Spellcasting Skills
   healing spells     [Basic]

Voluntary challenges:
 Character rerolling was not enabled.
 You were an atheist.
 You never genocided any monsters.
 You never polymorphed an object.
 You never changed form.
 You used no wishes.
Achievements:
 You entered a shop.
 You attained the rank of Empiric.
 You entered the Gnomish Mines.

 The Dungeons of Doom: levels 1 to 4
    Level 1:
       A sink.
    Level 2:
       A potion shop, a fountain.
       Stairs down to The Gnomish Mines.
    Level 3:
       A fountain.
    Level 4: <- You were here.
       An armor shop.
       Final resting place for
          you, killed by a little dog.
 The Gnomish Mines:
    Level 3:


Vanquished creatures:
  a shrieker
  2 dwarf zombies
 an acid blob
  a hobbit
  3 giant rats
  a garter snake
  3 jackals
  a fox
  2 grid bugs
  5 lichens
  a kobold zombie
  4 newts
25 creatures vanquished.

No species were genocided or became extinct.

Game over:
                       ----------
                      /          \
                     /    REST    \
                    /      IN      \
                   /     PEACE      \
                  /                  \
                  |      Felix1      |
                  |     1938 Au      |
                  |   killed by a    |
                  |    little dog    |
                  |                  |
                  |                  |
                  |       2026       |
                 *|     *  *  *      | *
        _________)/\\_//(\/(/\)/\//\/|_)_______

Goodbye Felix1 the Healer...

You died in The Dungeons of Doom on dungeon level 4 with 434 points,
and 1938 pieces of gold, after 1763 moves.
You were level 3 with a maximum of 27 hit points when you died.

